 Dungeon Crawl Stone Soup version 0.22-a0-441-gcf5b0c6 (webtiles) character file.

194736 Jynxie the Necromancer (level 17, 0/129 HPs)
             Began as a Demonspawn Wanderer on May 30, 2018.
             Was the Champion of Hepliaklqana.
             Succumbed to a merfolk impaler's poison
             ... on level 4 of the Shoals.
             The game lasted 03:20:15 (36831 turns).

Jynxie the Necromancer (Demonspawn Wanderer)       Turns: 36831, Time: 03:20:16

Health: 0/129      AC: 21    Str: 12    XL:     17   Next: 68%
Magic:  2/26       EV: 17    Int: 22    God:    Hepliaklqana [******]
Gold:   254        SH:  6    Dex: 12    Spells: 3/28 levels left

rFire    . . .     SeeInvis +   g - +9 whip (pain)
rCold    + . .     Gourm    .   n - +1 buckler {reflect}
rNeg     + . .     Faith    .   X - +5 ring mail "Yciosme" {rN+ Slay+4 Stlth-}
rPois    .         Spirit   .   (helmet unavailable)
rElec    .         Reflect  +   f - +2 cloak
rCorr    .         Harm     .   z - +2 pair of gloves {archery}
MR       +....                  o - +2 pair of boots
Stlth    ..........             C - amulet of magic regeneration {!d}
HPRegen  1.31/turn              p - +3 ring of slaying
MPRegen  0.45/turn              M - ring of wizardry

@: lethally poisoned (0 -> -22), mesmerised, regenerating, repel missiles
A: reduced essence, antennae 3, repulsion field 3, cold resistance 1, spiny 2,
augmentation 1, freezing cloud immunity
}: 1/15 runes: gossamer
a: Recall Ancestor, Ancestor Identity, Transference, Idealise, Renounce Religion


You were on level 4 of the Shoals.
You worshipped Hepliaklqana.
Hepliaklqana was exalted by your worship.
You were near starving.

You visited 6 branches of the dungeon, and saw 32 of its levels.

You collected 2771 gold pieces.
You spent 2517 gold pieces at shops.

Inventory:

Hand Weapons
 g - a +9 whip of pain (weapon)
   (You found it on level 1 of the Dungeon)
Armour
 b - a +2 robe of fire resistance
   (You took it off Jorgrun on level 3 of the Shoals)
 f - a +2 cloak (worn)
   (You took it off Crazy Yiuf on level 7 of the Dungeon)
 n - a +1 buckler of reflection (worn)
   (You found it on level 1 of the Shoals)
 o - a +2 pair of boots (worn)
   (You found it on level 3 of the Dungeon)
 r - a +2 robe of cold resistance
   (You took it off an orc sorcerer on level 2 of the Orcish Mines)
 z - a +2 pair of gloves of archery (worn)
   (You bought it in a shop on level 2 of the Orcish Mines)
 V - a +2 robe of positive energy
   (You took it off an orc sorcerer on level 15 of the Dungeon)
 W - a +2 ring mail of magic resistance
   (You took it off an orc on level 2 of the Orcish Mines)
 X - the +5 ring mail "Yciosme" (worn) {rN+ Slay+4 Stlth-}
   (You found it on level 6 of the Lair of Beasts)

   It affects your accuracy and damage with ranged weapons and melee attacks
   (+4).
   It protects you from negative energy.
   It makes you less stealthy.
Magical Staves
 k - an uncursed staff of death
   (You found it on level 5 of the Dungeon)
Jewellery
 c - an uncursed amulet of guardian spirit {unknown}
   (You took it off a merfolk on level 4 of the Shoals)
 i - a +4 ring of strength
   (You bought it in a shop on level 3 of the Shoals)
 p - a +3 ring of slaying (left hand)
   (You found it on level 13 of the Dungeon)
 C - an amulet of magic regeneration (around neck) {!d}
   (You found it on level 3 of the Dungeon)
 I - an uncursed amulet of regeneration {!d}
   (You found it on level 3 of the Shoals)
 M - a ring of wizardry (right hand)
   (You found it on level 1 of the Lair of Beasts)
 O - a +3 ring of intelligence
   (You found it on level 2 of the Lair of Beasts)
Wands
 d - a wand of iceblast (8)
   (You found it on level 5 of the Lair of Beasts)
 t - a wand of flame (15)
   (You found it on level 9 of the Dungeon)
 u - a wand of paralysis (22)
   (You found it on level 11 of the Dungeon)
 v - a wand of digging (23)
   (You found it on level 5 of the Lair of Beasts)
 w - a wand of enslavement (29)
   (You took it off an orc on level 6 of the Dungeon)
 x - a wand of polymorph (5)
   (You found it on level 5 of the Dungeon)
 T - a wand of clouds (7)
   (You found it on level 4 of the Lair of Beasts)
Scrolls
 a - 3 scrolls of fear
 h - 4 scrolls of amnesia
 j - 2 scrolls of fog
 s - 14 scrolls of teleportation {@r4}
 y - 2 scrolls of identify {@r1}
 D - 2 scrolls of blinking
 E - 9 scrolls of immolation {!r}
 J - 4 scrolls of magic mapping
 P - 20 scrolls of remove curse {@r2}
 S - a scroll of silence
Potions
 l - 4 potions of haste {@q3}
 m - a potion of lignification {!q}
 q - 2 potions of flight
 A - a potion of brilliance
 B - 2 potions of mutation {!q}
 F - 3 potions of agility
 K - a potion of magic
 N - a potion of berserk rage
 U - 8 potions of ambrosia
Miscellaneous
 R - a lamp of fire
   (You found it on level 12 of the Dungeon)
 Z - a lightning rod (4/4) {!a}
   (You found it on level 14 of the Dungeon)
Comestibles
 e - 36 rations {!d}
 G - 12 chunks of flesh


   Skills:
 + Level 16.3 Fighting
   Level 1.0 Short Blades
 - Level 12.0 Maces & Flails
 - Level 1.0 Throwing
 - Level 8.0 Armour
 + Level 6.6 Dodging
 - Level 1.0 Stealth
 - Level 4.0 Shields
 - Level 6.0 Spellcasting
   Level 2.0 Conjurations
 - Level 2.0 Charms
 * Level 18.8 Necromancy
 - Level 4.0 Air Magic
 + Level 6.6 Earth Magic
 - Level 4.0 Poison Magic
 - Level 6.0 Invocations


You had 3 spell levels left.
You knew the following spells:

 Your Spells              Type           Power        Failure   Level  Hunger
a - Agony                 Necr           ######..     1%          5    #####..
b - Borgnjor's Vile Clut  Necr/Erth      ######....   1%          5    #####..
c - Death Channel         Necr           ######....   1%          6    ######.
d - Sublimation of Blood  Necr           ######....   0%          2    None
e - Regeneration          Chrm/Necr      ######....   1%          3    #......
s - Swiftness             Chrm/Air       ###.....     3%          2    None
z - Poisonous Vapours     Pois/Air       ###...       2%          2    None

Your spell library contained the following spells:

 Spells                   Type           Power        Failure   Level  Hunger
 Magic Dart               Conj           ###.         3%          1    None
 Fireball                 Conj/Fire      ##........   75%         5    #####..
 Conjure Flame            Conj/Fire      ##......     14%         3    #......
 Bolt of Fire             Conj/Fire      ##........   99%         6    ######.
 Bolt of Magma            Conj/Fire/Erth ###.......   50%         5    #####..
 Slow                     Hex            #.......     11%         2    None
 Confuse                  Hex            #.......     21%         3    #......
 Freezing Cloud           Conj/Ice/Air   ###.......   99%         6    ######.
 Mephitic Cloud           Conj/Pois/Air  ###.....     6%          3    #......
 Ring of Flames           Chrm/Fire      ##........   100%        7    #######
 Venom Bolt               Conj/Pois      ###.......   47%         5    #####..
 Olgreb's Toxic Radiance  Pois           ###.....     14%         4    ###....
 Summon Small Mammal      Summ           #...         8%          1    None
 Bolt of Draining         Conj/Necr      ######....   2%          5    #####..
 Iskenderun's Mystic Bla  Conj           ###.....     30%         4    ###....
 Animate Dead             Necr           N/A          1%          4    ###....
 Pain                     Necr           ####         0%          1    None
 Vampiric Draining        Necr           ######....   1%          3    #......
 Summon Ice Beast         Ice/Summ       #.......     54%         4    ###....
 Call Imp                 Summ           #.......     11%         2    None
 Dispel Undead            Necr           ######..     1%          5    #####..
 Sting                    Conj/Pois      ###.         2%          1    None
 Corpse Rot               Necr           N/A          0%          2    None
 Iron Shot                Conj/Erth      ####......   86%         6    ######.
 Stone Arrow              Conj/Erth      ####..       4%          3    #......
 Recall                   Summ/Tloc      N/A          21%         3    #......
 Statue Form              Tmut/Erth      ###......    94%         6    ######.
 Deflect Missiles         Chrm/Air       ###.......   95%         6    ######.
 Passwall                 Tmut/Erth      ###.....     2%          2    None
 Ignite Poison            Fire/Tmut/Pois ##......     12%         3    #......
 Sticks to Snakes         Tmut           #.......     11%         2    None
 Call Canine Familiar     Summ           #.......     21%         3    #......
 Silence                  Hex/Air        ###.......   61%         5    #####..
 Shatter                  Erth           #####.....   100%        9    #######
 Lee's Rapid Deconstruct  Erth           #####.....   13%         5    #####..
 Sandblast                Erth           #####.       1%          1    None
 Simulacrum               Ice/Necr       #####.....   24%         6    ######.
 Conjure Ball Lightning   Conj/Air       ###.......   95%         6    ######.
 Excruciating Wounds      Chrm/Necr      ######....   2%          5    #####..
 Petrify                  Tmut/Erth      ###.....     19%         4    ###....
 Malign Gateway           Summ/Tloc      #.........   100%        7    #######
 Tornado                  Air            ###.......   100%        9    #######
 Leda's Liquefaction      Hex/Erth       ###.......   19%         4    ###....
 Shroud of Golubria       Chrm/Tloc      ##........   8%          2    None
 Fulminant Prism          Conj/Hex       ##........   41%         4    ###....
 Dazzling Spray           Conj/Hex       ##....       14%         3    #......
 Force Lance              Conj/Tloc      ##......     41%         4    ###....
 Infusion                 Chrm           ###.         3%          1    None
 Song of Slaying          Chrm           ###.....     4%          2    None
 Spectral Weapon          Hex/Chrm       ##......     14%         3    #......
 Searing Ray              Conj           ###...       4%          2    None
 Summon Lightning Spire   Summ/Air       ###.....     30%         4    ###....
 Summon Guardian Golem    Hex/Summ       #.......     21%         3    #......
 Ignition                 Fire           #.........   100%        8    #######


Dungeon Overview and Level Annotations

Branches:
Dungeon (15/15)            Temple (1/1) D:5            Lair (6/6) D:8
 Shoals (4/4) Lair:2       Spider (4/4) Lair:4        Slime (0/5) Lair:6
    Orc (2/2) D:10            Elf (0/3) Orc:2        Vaults (0/5) D:14
 Depths (0/5) D:15

Altars:
Ashenzari
Cheibriados
Dithmenos
Elyvilon
Fedhas
Gozag
Hepliaklqana
Kikubaaqudgha
Makhleb
Nemelex Xobeh
Okawaru
Ru
Sif Muna
Trog
Uskayaw
Vehumet
Wu Jian
Xom
Yredelemnul
Zin
The Shining One
Beogh
Jiyva

Shops:
D:5 ?   D:7 (   D:9 :%   Orc:2 ?([:   Shoals:1 =   Shoals:2 %[%[(   Shoals:3 *

Annotations:
Lair:4 exclusion: 2 oklob plants
Lair:6 1 runed door
Shoals:4 Ilsuiw


Innate Abilities, Weirdness & Mutations

You have a pair of large antennae on your head. (SInv)
You are surrounded by a strong repulsion field. (EV +4, RMsl)
Your flesh is cold resistant. (rC+)
You are mostly covered in sharp spines.
Your magical and physical power is slightly enhanced at high health.
You are immune to freezing clouds.
Your life essence is reduced to manifest your ancestor. (-10% HP)


Message History

The merfolk siren chants its luring song.
Mr.
Tumnus gestures at the merfolk javelineer while chanting.
The merfolk javelineer appears confused.
The merfolk impaler hits you from afar with a trident of venom!
* * * LOW HITPOINT WARNING * * *
You are more poisoned.
The zombie hands constrict Ilsuiw!
The zombie hands constrict the merfolk javelineer!
The zombie hands constrict the merfolk impaler!
You feel very sick.
The zombie hands release their grip on Ilsuiw.
The merfolk javelineer struggles to escape constriction.
Ilsuiw hits you from afar with a trident of freezing.
* * * LOW HITPOINT WARNING * * *
The merfolk impaler hits you from afar with a trident of venom!
* * * LOW HITPOINT WARNING * * *
You are more poisoned.
The merfolk siren chants its luring song.
Mr.
Tumnus casts a spell at the merfolk javelineer.
The merfolk javelineer easily resists.
The merfolk impaler hits you but does no damage.
The zombie hands constrict the merfolk javelineer!
You kill the merfolk javelineer!
You hear a splash. x3
The zombie hands constrict the merfolk impaler!
* * * LOW HITPOINT WARNING * * *
You feel very sick.
Ilsuiw points at you and mumbles some strange words.
The shard of ice is repelled.
The merfolk siren chants its luring song.
Mr.
Tumnus gestures at Ilsuiw while chanting.
Ilsuiw resists with almost no effort.
The merfolk impaler struggles to escape constriction. x2
Found a ration.
Things that are here:
a trident; a robe
Okay, then.
Okay, then.
As you read the scroll of fog, it crumbles to dust.
The scroll dissolves into smoke.
The zombie hands constrict the merfolk impaler!
* * * LOW HITPOINT WARNING * * *
You feel very sick.
The zombie hands release their grip on the merfolk impaler.
Ilsuiw closely misses Mr.
Tumnus.
The merfolk siren chants its luring song.
Mr.
Tumnus completely misses Ilsuiw.
The merfolk impaler hits you from afar with a trident of venom.
* * * LOW HITPOINT WARNING * * *
You die...

≈≈≈≈,≈*,,**≈,**#≈≈(≈≈≈≈≈≈))≈≈≈.≈#
≈≈≈≈,**,,,≈,,,##.≈≈≈≈≈≈≈≈(≈≈≈≈...
≈≈≈≈,,*≈,*%#,,#≈(.≈≈≈≈≈≈≈≈≈≈≈≈...
≈≈≈≈,≈*≈≈≈,≈≈*#..)≈.≈≈≈(≈≈≈≈≈≈...
≈≈≈≈,***,#≈#≈###.<.)!(()≈(≈≈≈≈...
≈≈≈≈,≈*,,≈≈≈≈.#≈)())((≈≈≈≈≈≈≈≈÷..
≈≈≈m.***,**≈≈.##.(..(≈(≈≈≈≈≈≈≈...
,≈,.§.,##****#..(.(.(≈(≈≈≈≈≈≈≈...
,,,....#≈#####.§@§.)≈≈()≈≈≈≈≈≈...
**,.......≈≈≈≈§§§§≈≈≈≈)≈≈#≈#≈≈#..
**,......≈≈m≈≈§§≈§≈≈(≈≈≈≈#######.
**,......≈≈≈≈≈§m§≈≈≈≈≈≈##≈≈#*≈,*#
**,......≈≈≈≈≈≈mR≈≈≈≈≈≈≈#≈≈≈≈,,,*
**,......≈≈≈≈≈≈)≈≈≈≈≈≈≈###≈#.#,,*
**,......≈≈≈≈≈≈≈≈≈≈≈≈≈≈≈#*≈.,.≈**
**,......≈≈≈≈≈≈≈≈≈≈≈≈≈≈##≈,#.*,≈*
,,,.......≈≈≈≈≈≈≈≈≈≈≈≈≈≈#,,,≈,,,*


You could see a merfolk impaler and a merfolk siren.

Vanquished Creatures
  Rupert (Orc:2)
  A kraken (Shoals:3)
  A fire giant (D:15)
  A ghost moth (Spider:4)
  The ghost of emperorscorpion the Fencer, a journeyman MiBe of Trog (Spider:3)
  6 emperor scorpions
  The ghost of Zorot the Eclecticist, a journeyman DEFE of Vehumet (Spider:3)
  3 spark wasps (Spider:2)
  2 merfolk javelineers (Shoals:4)
  5 merfolk impalers
  An ettin (Orc:2)
  Fannar (D:10)
  7 hydras
  3 merfolk avatars
  6 merfolk aquamancers
  An alligator snapping turtle (Shoals:3)
  2 catoblepae
  A centaur warrior (D:15)
  3 satyrs
  2 dancing weapons (D:14)
  An ogre mage (Orc:2)
  5 two-headed ogres
  7 death yaks
  A deep troll shaman (Lair:6)
  The ghost of Leszczynek the Basher, a novice OgMo of Xom (D:9)
  Sonja (D:13)
  Urug (Lair:2)
  3 skeletal warriors (D:14)
  6 sea snakes
  An unseen horror (D:13)
  A wolf spider zombie (D:14)
  3 orc knights (D:15)
  3 deep elf magi
  A harpy (Shoals:4)
  10 orb spiders
  22 wolf spiders
  9 orc sorcerers
  9 ugly things
  5 cyclopes
  3 manticores
  12 fauns
  2 black mambas
  8 elephants
  9 merfolk sirens
  3 water nymphs
  A gargoyle (D:15)
  3 torpor snails
  4 freezing wraiths (D:15)
  11 spiny frogs
  10 demonic crawlers
  2 yaktaurs (D:15)
  A rime drake (Lair:2)
  A tengu conjurer (D:14)
  18 merfolk
  10 trolls
  12 jumping spiders
  3 hornets
  Prince Ribbit (D:7)
  3 tyrant leeches (Lair:3)
  10 hippogriffs
  A meliai zombie (D:12)
  18 blink frogs
  4 wind drakes (Shoals:3)
  12 slime creatures
  8 snapping turtles
  5 water elementals
  37 redbacks
  23 tarantellas
  A yak (shapeshifter) (D:13)
  2 wyverns
  43 yaks
  Eustachio (D:6)
  2 basilisks
  A steam dragon (D:7)
  A hungry ghost (D:6)
  Menkaure (D:7)
  An acid dragon (D:15)
  5 wargs
  5 swamp worms (Lair:3)
  Duvessa (D:6)
  A floating eye (shapeshifter) (D:14)
  11 porcupines
  10 water moccasins
  3 black bears
  26 orc warriors
  2 ice beasts
  3 sky beasts
  3 eyes of draining
  A necrophage (D:12)
  9 centaurs
  11 ogres
  9 wolves
  22 crocodiles
  A big kobold (D:12)
  17 bullfrogs
  A gnoll sergeant (D:9)
  A wyvern zombie (D:14)
  Dowan (D:6)
  A scorpion (D:10)
  10 killer bees
  3 howler monkeys
  3 wights (D:7)
  6 electric eels
  6 crimson imps
  A bullfrog zombie (D:12)
  4 centaur skeletons
  8 jellies
  2 bullfrog skeletons
  3 centaur zombies
  11 orc priests
  7 hounds
  30 orc wizards
  Crazy Yiuf (D:7)
  6 iguanas
  A hexer (D:11)
  7 hell rats (Lair:6)
  9 worker ants
  A hound skeleton (D:5)
  2 gnolls (D:9)
  8 adders
  A river rat (D:4)
  2 shadow imps
  2 worms
  3 dart slugs
  5 leopard geckos
  74 orcs
  3 ball pythons
  5 giant cockroaches
  6 goblins
  4 hobgoblins
  8 jackals (D:1)
  13 kobolds
  3 quokkas
  A ball python skeleton (D:4)
  7 bats
  4 frilled lizards
  A jackal skeleton (D:4)
  A quokka skeleton (D:8)
  2 quokka zombies
  6 rats
851 creatures vanquished.

Vanquished Creatures (collateral kills)
  Jorgrun (Shoals:3)
  2 ghost moths (Spider:4)
  2 emperor scorpions
  An entropy weaver (Spider:3)
  A merfolk impaler (Shoals:4)
  A catoblepas (Lair:5)
  A two-headed ogre (D:15)
  A death knight (D:15)
  2 merfolk aquamancers (Shoals:1)
  A death yak (Lair:6)
  A satyr (Shoals:2)
  An ogre mage (Orc:2)
  4 sea snakes (Shoals:1)
  10 orb spiders
  A wolf spider zombie (D:15)
  11 wolf spiders
  2 orc sorcerers
  4 fauns
  3 merfolk sirens
  An elephant (Lair:6)
  2 water nymphs
  A torpor snail (Lair:5)
  A spiny frog (Lair:5)
  2 centaur skeletons (D:15)
  10 demonic crawlers
  12 jumping spiders
  5 merfolk
  4 hornets (Spider:4)
  4 blink frogs
  A slime creature (D:14)
  2 hippogriffs
  A snapping turtle (Shoals:3)
  8 tarantellas
  10 redbacks
  3 water elementals
  A shadow (D:15)
  5 yaks
  An acid dragon (D:15)
  A porcupine (D:8)
  2 orc warriors
  3 ogres (Orc:2)
  A centaur (D:12)
  A hound (D:13)
  9 orc wizards
  An orc priest (Orc:2)
  An adder (D:7)
  A gnoll (D:9)
  14 orcs
  A quokka skeleton (D:7)
  A butterfly (Lair:4)
  5 plants
165 creatures vanquished.

Vanquished Creatures (others)
  A wizard (D:14)
  A manticore (Shoals:4)
  2 fauns (Shoals:2)
  A hornet (Spider:4)
  31 hexers
  3 ancestors
  6 fungi
  17 plants
  38 tentacles (Shoals:3)
100 creatures vanquished.

Grand Total: 1116 creatures vanquished

Notes
Turn   | Place    | Note
-------+----------+-------------------------------------------
     0 | D:1      | Jynxie the Demonspawn Wanderer began the quest for the Orb.
     0 | D:1      | Jynxie set off with: a +2 dagger, a potion of berserk rage, a ration {!d}, a +0 robe
     0 | D:1      | Reached XP level 1. HP: 16/16 MP: 3/3
     2 | D:1      | Learned a level 1 spell: Sting
   186 | D:1      | Reached skill level 1 in Poison Magic
   613 | D:1      | Gained mutation: Your flesh is cold resistant. (rC+) [demonic ancestry]
   613 | D:1      | Reached XP level 2. HP: 22/22 MP: 3/5
   784 | D:1      | Reached skill level 1 in Conjurations
   809 | D:1      | HP: 1/22 [kobold/short sword (3)]
   815 | D:1      | Reached XP level 3. HP: 2/27 MP: 0/6
  1491 | D:2      | Learned a level 2 spell: Swiftness
  1555 | D:2      | Found a shattered altar of Ashenzari.
  1691 | D:2      | Found a sparkling altar of Nemelex Xobeh.
  1855 | D:2      | Learned a level 2 spell: Poisonous Vapours
  2435 | D:3      | Found a radiant altar of Vehumet.
  2436 | D:3      | Found a sparkling altar of Nemelex Xobeh.
  2950 | D:4      | Reached skill level 1 in Maces & Flails
  2950 | D:4      | Gained mutation: You have a pair of small antennae on your head. [demonic ancestry]
  2950 | D:4      | Reached XP level 4. HP: 30/33 MP: 2/7
  3023 | D:4      | Found a glowing drain.
  3023 | D:4      | Noticed an ogre
  3088 | D:4      | Killed an ogre
  3088 | D:4      | Reached skill level 1 in Shields
  3088 | D:4      | Gained mutation: You are surrounded by a mild repulsion field. (EV +2) [demonic ancestry]
  3088 | D:4      | Reached XP level 5. HP: 7/39 MP: 5/8
  3677 | D:4      | Noticed an ogre
  3801 | D:4      | Killed an ogre
  3801 | D:4      | Reached XP level 6. HP: 46/47 MP: 7/9
  4343 | D:4      | Found a blossoming altar of Fedhas.
  4344 | D:4      | Found an ancient bone altar of Kikubaaqudgha.
  4373 | D:4      | Reached XP level 7. HP: 19/53 MP: 5/10
  4703 | D:5      | Entered Level 5 of the Dungeon
  4740 | D:5      | Found Wiguf's Magic Scroll Shoppe.
  4806 | D:5      | Bought a scroll of teleportation for 39 gold pieces
  5133 | D:5      | Found a staircase to the Ecumenical Temple.
  5895 | D:6      | Reached skill level 5 in Maces & Flails
  5897 | D:6      | Noticed Duvessa
  5901 | D:6      | Noticed Dowan
  6120 | D:6      | Noticed Eustachio
  6191 | D:6      | Noticed a hungry ghost
  6243 | D:6      | Killed a hungry ghost
  6243 | D:6      | Gained mutation: You are partially covered in sharp spines. [demonic ancestry]
  6243 | D:6      | Reached XP level 8. HP: 49/61 MP: 11/11
  6334 | D:6      | Killed Eustachio
  6443 | D:6      | Reached skill level 5 in Fighting
  6735 | D:6      | Killed Duvessa
  6745 | D:6      | Killed Dowan
  7212 | D:7      | Found Jestryd's Weapon Shop.
  7571 | D:7      | Found a white marble altar of Elyvilon.
  7718 | Temple   | Entered the Ecumenical Temple
  7956 | Temple   | Became a worshipper of Hepliaklqana the Forgotten
  8144 | D:7      | Found a shimmering altar of Xom.
  8303 | D:7      | Noticed Prince Ribbit
  8312 | D:7      | Gained mutation: You are mostly covered in sharp spines. [demonic ancestry]
  8312 | D:7      | Reached XP level 9. HP: 52/62 MP: 12/12
  8326 | D:7      | Killed Prince Ribbit
  8651 | D:7      | Found a hide-covered altar of Uskayaw.
  8708 | D:7      | Noticed Menkaure
  8739 | D:7      | Killed Menkaure
  8997 | D:7      | Found a snail-covered altar of Cheibriados.
  8998 | D:7      | Found a shimmering altar of Xom.
  9026 | D:7      | Found a runed door.
  9077 | D:7      | Found an opulent altar of Gozag.
  9077 | D:7      | Found a deep blue altar of Sif Muna.
  9269 | D:7      | Noticed Crazy Yiuf
  9274 | D:7      | Killed Crazy Yiuf
  9306 | D:8      | Noticed a two-headed ogre
  9450 | D:8      | Killed a two-headed ogre
  9582 | D:8      | Gained mutation: You are surrounded by a moderate repulsion field. (EV +3) [demonic ancestry]
  9582 | D:8      | Reached XP level 10. HP: 70/72 MP: 3/13
  9635 | D:8      | Found a staircase to the Lair.
  9643 | D:8      | Reached skill level 10 in Maces & Flails
 10024 | D:9      | Found Bimagiov's Book Shop.
 10049 | D:9      | Reached * piety under Hepliaklqana
 10192 | D:9      | Found Ovviluo's Food Shop.
 10215 | D:9      | Noticed Leszczynek's ghost (novice OgMo)
 10787 | D:10     | Entered Level 10 of the Dungeon
 11040 | D:10     | Found a staircase to the Orcish Mines.
 11152 | D:10     | Reached ** piety under Hepliaklqana
 11153 | D:10     | Remembered your ancestor Mr. Tumnus as a hexer
 11528 | D:10     | Noticed Fannar
 11551 | D:10     | Killed Fannar
 12321 | D:11     | Reached *** piety under Hepliaklqana
 12350 | D:11     | Gained mutation: You have a pair of antennae on your head. [demonic ancestry]
 12350 | D:11     | Reached XP level 11. HP: 80/80 MP: 2/14
 12586 | D:11     | Noticed a seven-headed hydra
 12653 | D:11     | Noticed an emperor scorpion
 12653 | D:11     | a seven-headed hydra changed into an emperor scorpion
 12728 | D:9      | Killed Leszczynek's ghost
 12869 | Lair:1   | Entered Level 1 of the Lair of Beasts
 13091 | Lair:1   | Reached skill level 10 in Fighting
 13111 | Lair:1   | Reached skill level 1 in Invocations
 13144 | Lair:1   | Reached skill level 1 in Dodging
 14689 | D:9      | Bought a book of Unlife for 650 gold pieces
 14695 | D:9      | Learned a level 5 spell: Borgnjor's Vile Clutch
 14754 | Lair:2   | Reached skill level 1 in Necromancy
 14832 | Lair:2   | Reached skill level 2 in Necromancy
 15079 | Lair:2   | Reached **** piety under Hepliaklqana
 15097 | Lair:2   | Noticed Urug
 15155 | Lair:2   | Killed Urug
 15155 | Lair:2   | Reached skill level 3 in Necromancy
 15514 | Lair:2   | Gained mutation: You are surrounded by a strong repulsion field. (EV +4, RMsl) [demonic ancestry]
 15514 | Lair:2   | Reached XP level 12. HP: 72/90 MP: 4/15
 15524 | Lair:2   | Reached skill level 4 in Necromancy
 15593 | Lair:2   | Reached skill level 1 in Armour
 15617 | Lair:2   | Found a staircase to the Shoals.
 15659 | Lair:2   | Identified An Early Guide to Thaumaturgy
 15660 | Lair:2   | Noticed a catoblepas
 15671 | Lair:2   | Killed a catoblepas
 15822 | Lair:2   | Reached skill level 1 in Earth Magic
 16206 | Lair:3   | Reached skill level 5 in Necromancy
 16401 | Lair:3   | Reached ***** piety under Hepliaklqana
 16650 | Lair:3   | Reached skill level 6 in Necromancy
 17218 | Lair:3   | Reached skill level 7 in Necromancy
 17745 | Lair:4   | Reached skill level 8 in Necromancy
 17885 | Lair:4   | Noticed a death yak
 17885 | Lair:4   | Noticed a death yak
 17887 | Lair:4   | Noticed a death yak
 17887 | Lair:4   | Noticed a death yak
 17895 | Lair:4   | Noticed a seven-headed hydra
 17938 | Lair:3   | Killed a death yak
 18248 | Lair:3   | Killed a death yak
 18486 | Lair:4   | Killed a death yak
 18486 | Lair:4   | Gained mutation: Your magical and physical power is slightly enhanced at high health. [demonic ancestry]
 18486 | Lair:4   | Reached XP level 13. HP: 97/97 MP: 2/16
 18715 | Lair:4   | Reached skill level 9 in Necromancy
 18716 | Lair:4   | Found a hole to the Spider Nest.
 18966 | Lair:5   | Reached skill level 5 in Invocations
 19405 | Lair:5   | Reached skill level 5 in Earth Magic
 19414 | Lair:5   | Learned a level 6 spell: Death Channel
 19613 | Lair:5   | Reached skill level 10 in Necromancy
 19907 | Lair:6   | Entered Level 6 of the Lair of Beasts
 20000 | Lair:6   | Found a runed door.
 20123 | Lair:6   | Reached skill level 11 in Necromancy
 20521 | Lair:6   | Got a bloodstained ring mail
 20532 | Lair:6   | Identified the +5 ring mail "Yciosme" {rN+ Slay+4 Stlth-} (You found it on level 6 of the Lair of Beasts)
 20608 | Lair:6   | Found a viscous altar of Jiyva.
 20610 | Lair:6   | Found a staircase to the Slime Pits.
 20804 | Lair:6   | Identified the Guide on Enchanting Calling
 21164 | D:12     | Gained mutation: You have a pair of large antennae on your head. (SInv) [demonic ancestry]
 21164 | D:12     | Reached XP level 14. HP: 89/106 MP: 10/17
 21484 | D:12     | Reached skill level 12 in Necromancy
 22040 | D:11     | Killed an emperor scorpion
 22085 | Orc:1    | Entered Level 1 of the Orcish Mines
 22289 | Orc:1    | Reached ****** piety under Hepliaklqana
 22438 | Orc:2    | Entered Level 2 of the Orcish Mines
 22550 | Orc:2    | Found a staircase to the Elven Halls.
 22824 | Orc:2    | Noticed Rupert
 22864 | Orc:2    | Killed Rupert
 22985 | Orc:2    | Reached skill level 13 in Necromancy
 23359 | Orc:2    | Reached skill level 5 in Armour
 23385 | Orc:2    | Found Obotain's Magic Scroll Shop.
 23397 | Orc:2    | Found an ancient bone altar of Kikubaaqudgha.
 23496 | Orc:2    | Found a roughly hewn altar of Beogh.
 23496 | Orc:2    | Found Foebeda's Antique Armour Shop.
 23496 | Orc:2    | Found Adiakhev's Antique Weapon Boutique.
 23502 | Orc:2    | Found a radiant altar of Vehumet.
 23530 | Orc:2    | Found Reatar's Book Shop.
 23547 | Orc:2    | Bought a pair of runed gloves for 202 gold pieces
 24534 | D:13     | Found a basalt altar of Yredelemnul.
 24761 | Orc:2    | Bought a book of Death for 770 gold pieces
 25329 | D:13     | Reached skill level 14 in Necromancy
 25335 | D:13     | Learned a level 2 spell: Sublimation of Blood
 25379 | D:13     | Noticed Sonja
 25389 | D:13     | Killed Sonja
 25771 | D:14     | Found a bloodstained altar of Trog.
 25864 | D:14     | Reached XP level 15. HP: 94/113 MP: 19/19
 26192 | D:14     | Found a gate to the Vaults.
 26464 | D:15     | Entered Level 15 of the Dungeon
 26633 | D:15     | Noticed a fire giant
 26644 | D:15     | Killed a fire giant
 27085 | D:15     | Reached skill level 15 in Necromancy
 27187 | D:15     | Found a staircase to the Depths.
 27631 | D:15     | Learned a level 5 spell: Agony
 28064 | Spider:1 | Entered Level 1 of the Spider Nest
 28271 | Spider:1 | Reached skill level 16 in Necromancy
 29094 | Spider:1 | Reached skill level 5 in Spellcasting
 29094 | Spider:1 | Reached skill level 15 in Fighting
 29733 | Orc:2    | Bought a book of Battle for 440 gold pieces
 30243 | Spider:2 | Reached XP level 16. HP: 122/122 MP: 7/23
 30332 | Spider:2 | Learned a level 3 spell: Regeneration
 30455 | Spider:2 | Got a dazzling scale mail
 30476 | Spider:2 | Identified the cursed +1 scale mail "Pet Nain" {rPois rF- MR+ Str+4} (You found it on level 2 of the Spider Nest)
 31380 | Spider:3 | Noticed emperorscorpion's ghost (journeyman MiBe)
 31399 | Spider:3 | Killed emperorscorpion's ghost
 31403 | Spider:3 | Noticed Zorot's ghost (journeyman DEFE)
 32256 | Spider:3 | Killed Zorot's ghost
 32367 | Spider:4 | Entered Level 4 of the Spider Nest
 32402 | Spider:4 | Reached skill level 17 in Necromancy
 32652 | Spider:4 | Reached skill level 5 in Dodging
 32657 | Spider:4 | Got a gossamer rune of Zot
 33457 | Shoals:1 | Entered Level 1 of the Shoals
 33487 | Shoals:1 | Found Tiujare's Jewellery Emporium.
 33670 | Shoals:1 | Gained mutation: You are immune to freezing clouds. [demonic ancestry]
 33670 | Shoals:1 | Reached XP level 17. HP: 128/128 MP: 6/26
 33689 | Shoals:1 | Identified 4 scrolls of acquirement
 33693 | Shoals:1 | Identified Vobylok's Disquisition on Stolen Souls (You acquired it on level 1 of the Shoals)
 34181 | Shoals:2 | Reached skill level 18 in Necromancy
 34491 | Shoals:2 | Found Hehoicor's Antique Weapon Shoppe.
 34495 | Shoals:2 | Found Lorhur's Armour Shoppe.
 34500 | Shoals:2 | Found Goextiarr's Armour Boutique.
 34514 | Shoals:2 | Got a transparent morningstar
 34515 | Shoals:2 | Identified the +10 morningstar "Adwax" {antimagic, rF++ rC+ MR- Stlth+} (You found it on level 2 of the Shoals)
 34617 | Shoals:2 | Found Utuanod's Food Emporium.
 34643 | Shoals:2 | Upgraded the game from 0.22-a0-439-gac93bac to 0.22-a0-441-gcf5b0c6
 34754 | Shoals:2 | Found Hihitt's Food Boutique.
 35335 | Shoals:3 | Noticed Jorgrun
 35352 | Shoals:3 | Killed Jorgrun
 35572 | Shoals:3 | Found Puurghid's Assorted Antiques.
 35575 | Shoals:3 | Bought a runed diamond ring for 160 gold pieces
 35575 | Shoals:3 | Bought a large granite ring for 160 gold pieces
 35575 | Shoals:3 | Bought a potion of curing for 96 gold pieces
 35695 | Shoals:3 | Noticed a kraken
 35831 | Shoals:3 | Killed a kraken
 36002 | Shoals:4 | Entered Level 4 of the Shoals
 36799 | Shoals:4 | Noticed Ilsuiw
 36830 | Shoals:4 | HP: 3/129 [merfolk impaler/trident of venom (5)]
 36831 | Shoals:4 | Succumbed to a merfolk impaler's poison

Vault maps used:
D:1:      elethiomel_arrival_infinity_welcomes_careful_drivers
D:2:      lemuel_doored_altar, nemelex_diamond_rough_becter
D:3:      gammafunk_temple_overflow_statue, fountainhead, minmay_crystal_room
D:4:      grunt_temple_overflow_growth_and_decay, portal_sewer_entry_b,
          hangedman_abyss_or_decor_passed
D:5:      minmay_temple_entry_glass, serial_shops, nicolae_shop_waterfront,
          first_ration, grunt_ministairs_13
D:6:      uniq_duvessa, uniq_eustachio
D:7:      old_standard_altar, elyvilon_altar_4, nicolae_overflow_hidden_temple,
          serial_shops, shop, hangedman_decor_peaks_small, dk_xom_monty_hall,
          uniq_pikel, uniq_prince_ribbit1, uniq_crazy_yiuf_cottage,
          uniq_menkaure
D:8:      grunt_lair_entry_orc_guard_hut
D:9:      lemuel_upstairs_altar, serial_shops, kennysheep_mini_moat, shop,
          hangedman_glass_teeth
D:10:     orc_0_dummy, uniq_fannar
D:11:     grunt_ogre_cave
D:13:     basic_altar, kennysheep_generic_room_7, uniq_sonja
D:14:     erik_vaults_1, trog_wizard
D:15:     grunt_enter_depths_giant_problem, moated_statue, grunt_ministairs_8
Temple:   dpeg_chambers_temple
Lair:1:   grunt_megastairs_4, lemuel_fruit_tree
Lair:2:   minmay_shoals_entry_centaurs, minmay_hedge_maze, lemuel_fruit_fields,
          serial_bayou_shore_b, serial_bayou_shore_a, uniq_urug
Lair:3:   worms_lemuel
Lair:4:   spider_nest_entry_funnel_web, lemuel_fruit_fields,
          minmay_lair_oklob_chamber, grunt_megastairs_3
Lair:5:   grunt_megastairs_2
Lair:6:   grunt_lair_end_beastmaster, slime_altar_2, serial_bayou_crossing,
          infiniplex_staircase_pool_2
Shoals:1: cheibrodos_shoals_three_sisters, serial_shops, nicolae_shop_trees
Shoals:2: cheibrodos_shoals_oceanic_diplomacy, serial_shops,
          nicolae_shop_waterfront, shop, shop, shop_statue,
          nicolae_shop_crystal, nicolae_shoals_loop_pool
Shoals:3: serial_shops, nicolae_shop_behind_doors, uniq_jorgrun
Shoals:4: shoals_end_grunt_ice, shoals_ilsuiw_ice,
          portal_ice_cave_entry_pillars_1
Spider:4: guppyfry_spider_rune, hangedman_spider_tarantella_strand
Orc:2:    kennysheep_orc_mage_school, uniq_rupert

Skill      XL: |  1  2  3  4  5  6  7  8  9 10 11 12 13 14 15 16 17 |
---------------+----------------------------------------------------+-----
Poison Magic   | 1 2 3 4 |  4.0
Conjurations   | 1 2 |  2.0
Charms         | 2 |  2.0
Maces & Flails | 1 2 3 4 5 7 9 11 12 | 12.0
Shields        | 1 2 3 4 |  4.0
Fighting       | 3 4 6 7 9 11 12 13 14 15 16 | 16.3
Air Magic      | 3 4 |  4.0
Invocations    | 2 4 5 6 |  6.0
Dodging        | 3 4 5 6 |  6.6
Necromancy     | 3 8 11 14 16 17 18 | 18.8
Armour         | 3 4 6 7 8 |  8.0
Earth Magic    | 4 5 6 |  6.6
Spellcasting   | 3 5 6 |  6.0
Short Blades   | |  1.0
Throwing       | |  1.0
Stealth        | |  1.0

Action                   |  1- 3 |  4- 6 |  7- 9 | 10-12 | 13-15 | 16-18 || total
-------------------------+-------+-------+-------+-------+-------+-------++-------
Melee: Dagger            |     8 |       |       |       |       |       ||     8
       Whip              |    73 |    27 |   224 |   505 |   774 |   496 ||  2099
 Cast: Sting             |    91 |    67 |   102 |    15 |     1 |       ||   276
       Poisonous Vapours |       |       |    44 |   403 |   434 |   265 ||  1146
       Borgnjor's Vile C |       |       |       |     8 |    97 |    36 ||   141
       Death Channel     |       |       |       |       |    16 |    12 ||    28
       Agony             |       |       |       |       |     3 |    71 ||    74
       Sublimation of Bl |       |       |       |       |     2 |       ||     2
       Regeneration      |       |       |       |       |       |    20 ||    20
Invok: Ancestor Identity |       |       |     2 |       |       |       ||     2
       Ancestor Life: He |       |       |       |     1 |       |       ||     1
       Recall Ancestor   |       |       |       |       |     1 |     1 ||     2
Evoke: Wand              |       |       |       |     8 |    39 |     2 ||    49
       Box of beasts     |       |       |       |       |     4 |     1 ||     5
       Lamp of fire      |       |       |       |       |     1 |       ||     1
  Use: Potion            |     2 |       |     1 |     3 |     5 |    24 ||    35
       Scroll            |    11 |     1 |     6 |    11 |    11 |    23 ||    63
 Stab: Sleeping          |     1 |       |     2 |     2 |     1 |       ||     6
       Distracted        |       |       |     1 |     2 |     4 |     7 ||    14
       Confused          |       |       |       |     2 |     1 |       ||     3
       Paralysed         |       |       |       |       |       |     8 ||     8
  Eat: Chunk             |     8 |     5 |    21 |    50 |    65 |    33 ||   182
       Ration            |       |       |     1 |     2 |     9 |     7 ||    19
Armor: Robe              |    28 |     5 |    34 |       |       |       ||    67
       Skin              |       |       |     2 |     5 |       |    24 ||    31
       Steam dragon scal |       |       |     5 |    57 |    50 |       ||   112
       Ring mail         |       |       |       |       |    85 |   166 ||   251
Dodge: Dodged            |    58 |    36 |   115 |   166 |   245 |   266 ||   886
       Deflected         |       |       |       |    10 |    16 |    31 ||    57
Block: Buckler           |       |       |    15 |    61 |   104 |   144 ||   324
       Reflection        |       |       |       |       |       |    20 ||    20

Table legend:
 A = Spawn XP
 B = Non-spawn XP
 C = Spawn XP percentage of total XP
 D = Spawn monster count
 E = Non-spawn monster count
 F = Spawn count percentage of total count
 G = Total turns spent on level
                    A         B        C        D         E        F      G
               +---------+---------+-------+---------+---------+-------+---------
         Total |       0 |  266841 |   0.0 |       0 |    1014 |   0.0 | 36831
               +---------+---------+-------+---------+---------+-------+---------
           D:1 |       0 |      46 |   0.0 |       0 |      24 |   0.0 |  1543
           D:2 |       0 |      19 |   0.0 |       0 |      11 |   0.0 |   506
           D:3 |       0 |      30 |   0.0 |       0 |      16 |   0.0 |   871
           D:4 |       0 |     771 |   0.0 |       0 |      21 |   0.0 |  1922
           D:5 |       0 |     334 |   0.0 |       0 |      18 |   0.0 |  1258
           D:6 |       0 |    1153 |   0.0 |       0 |      19 |   0.0 |  1247
           D:7 |       0 |    1830 |   0.0 |       0 |      32 |   0.0 |  1770
           D:8 |       0 |    2028 |   0.0 |       0 |      13 |   0.0 |   798
           D:9 |       0 |    2371 |   0.0 |       0 |      26 |   0.0 |  1119
          D:10 |       0 |    2104 |   0.0 |       0 |      15 |   0.0 |  1419
          D:11 |       0 |    3389 |   0.0 |       0 |      14 |   0.0 |   985
          D:12 |       0 |    6479 |   0.0 |       0 |      37 |   0.0 |   975
          D:13 |       0 |    8613 |   0.0 |       0 |      28 |   0.0 |   869
          D:14 |       0 |   10625 |   0.0 |       0 |      42 |   0.0 |   895
          D:15 |       0 |   21809 |   0.0 |       0 |      64 |   0.0 |  1325
        Lair:1 |       0 |    5917 |   0.0 |       0 |      27 |   0.0 |  1873
        Lair:2 |       0 |    6040 |   0.0 |       0 |      26 |   0.0 |  1579
        Lair:3 |       0 |    8697 |   0.0 |       0 |      34 |   0.0 |  1716
        Lair:4 |       0 |    9031 |   0.0 |       0 |      33 |   0.0 |  1305
        Lair:5 |       0 |    8144 |   0.0 |       0 |      25 |   0.0 |   970
        Lair:6 |       0 |   13518 |   0.0 |       0 |      40 |   0.0 |   985
      Shoals:1 |       0 |   13210 |   0.0 |       0 |      24 |   0.0 |   636
      Shoals:2 |       0 |   16647 |   0.0 |       0 |      36 |   0.0 |  1007
      Shoals:3 |       0 |   13398 |   0.0 |       0 |      22 |   0.0 |  1284
      Shoals:4 |       0 |   18861 |   0.0 |       0 |      38 |   0.0 |   447
      Spider:1 |       0 |   21240 |   0.0 |       0 |      70 |   0.0 |  1347
      Spider:2 |       0 |   17361 |   0.0 |       0 |      54 |   0.0 |  1404
      Spider:3 |       0 |   11170 |   0.0 |       0 |      31 |   0.0 |   908
      Spider:4 |       0 |   25425 |   0.0 |       0 |      46 |   0.0 |   948
         Orc:1 |       0 |    2680 |   0.0 |       0 |      37 |   0.0 |   657
         Orc:2 |       0 |   13901 |   0.0 |       0 |      91 |   0.0 |  1997
               +---------+---------+-------+---------+---------+-------+---------
